 Dungeon Crawl Stone Soup version 0.21.1-1-g345015f (webtiles) character file.

185 gerrrit the Caller (level 5, 0/36 HPs)
             Began as a Merfolk Summoner on Apr 2, 2018.
             Was a Follower of Elyvilon.
             Succumbed to a worker ant's poison
             ... on level 4 of the Dungeon.
             The game lasted 00:31:51 (4770 turns).

gerrrit the Caller (Merfolk Summoner)               Turns: 4770, Time: 00:31:52

Health: 0/36       AC:  2    Str:  9    XL:     5   Next: 64%
Magic:  4/9        EV: 13    Int: 15    God:    Elyvilon [*.....]
Gold:   188        SH:  0    Dex: 14    Spells: 4/10 levels left

rFire    . . .     SeeInvis .   e - +1 dagger (venom)
rCold    . . .     Gourm    .   (no shield)
rNeg     . . .     Faith    .   i - +0 robe {Archmagi}
rPois    .         Spirit   .   (no helmet)
rElec    .         Reflect  .   (no cloak)
rCorr    .         Harm     .   (no gloves)
MR       .....                  (no boots)
Stlth    ++........             (no amulet)
HPRegen  0.12/turn              (no ring)
MPRegen  0.11/turn              (no ring)

@: lethally poisoned (0 -> -5)
A: change form in water, swift swim, stealthy swim
a: Lesser Healing, Divine Protection, Renounce Religion


You were on level 4 of the Dungeon.
You worshipped Elyvilon.
Elyvilon was aware of your devotion.
You were not hungry.

You visited 1 branch of the dungeon, and saw 4 of its levels.

You collected 188 gold pieces.

Inventory:

Hand Weapons
 d - a +0 whip
 e - a +1 dagger of venom (weapon)
 q - a +0 rapier
Missiles
 o - 7 tomahawks (quivered)
Armour
 a - a +0 robe
 g - a +0 naga barding
 i - a +0 robe of the Archmagi (worn)
 m - a +1 leather armour of cold resistance
Scrolls
 k - a scroll of remove curse
 r - a scroll of teleportation
Potions
 f - a potion of mutation {unknown}
 h - 2 potions of flight
 j - a potion of might {unknown}
 l - a potion of heal wounds {unknown}
 n - a potion of ambrosia
Books
 b - a book of Callings

   Spells                             Type                      Level
   a - Summon Small Mammal            Summoning                    1
   b - Call Imp                       Summoning                    2
   c - Call Canine Familiar           Summoning                    3
   d - Summon Guardian Golem          Hexes/Summoning              3
   e - Summon Lightning Spire         Summoning/Air                4
   f - Summon Ice Beast               Ice/Summoning                4
 p - a book of Cantrips

   Spells                             Type                      Level
   a - Confusing Touch                Hexes                        1
   b - Animate Skeleton               Necromancy                   1
   c - Summon Small Mammal            Summoning                    1
   d - Apportation                    Translocation                1
Comestibles
 c - 3 rations


   Skills:
 + Level 0.5 Fighting
 + Level 1.3 Short Blades
 + Level 3.3 Dodging
 + Level 2.5 Stealth
 + Level 0.2 Unarmed Combat
 + Level 3.2 Spellcasting
 + Level 5.4 Summonings


You had 4 spell levels left.
You knew the following spells:

 Your Spells              Type           Power        Failure   Level  Hunger
a - Summon Small Mammal   Summ           ####         1%          1    #......
b - Call Imp              Summ           ####....     3%          2    ##.....
c - Summon Guardian Gole  Hex/Summ       ###.....     19%         3    ###....


Dungeon Overview and Level Annotations

Branches:
Dungeon (4/15)
 Temple: D:4-7

Altars:
Elyvilon
Zin
The Shining One

Shops:
D:4 ?


Message History

Your quokka bites the worker ant but does no damage.
The gnoll closely misses your quokka.
You feel sick. The orc closely misses you.
Your quokka barely misses the orc.
The worker ant bites you.
* * * LOW HITPOINT WARNING * * *
Your quokka bites the worker ant.
Your quokka bites the worker ant.
Casting: Summon Small Mammal
Confirm with . or Enter, or press ? or * to list all spells.
You feel a surge of power!
You feel sick. The worker ant bites you.
* * * LOW HITPOINT WARNING * * *
Your quokka barely misses the worker ant.
The orc hits you from afar with a trident of piercing.
* * * LOW HITPOINT WARNING * * *
x2 You swap places.
The worker ant bites your quokka.
Your quokka dies!
Your quokka's corpse disappears in a puff of smoke!
Your quokka barely misses the worker ant.
The orc barely misses your quokka.
You die...

#.##.#*,*,,,,,,,*
#.##.#*,#***,,***
#.##.#*.##..,,* #######
#.##g#......,,* ** ......#
#.o.r.......,,***, >####.#
#r##.#..#...,,,,,,
.####.#######
#a##.......*,*****
............####.####..##..,*
.####.#####.##..@........,.,**
.####.# #.##.#####.#####,,,*
......# #.##.####*,* *,,,*
####### #.......#*,* *,,,* #
♣♣♣ ####.##.#*,* *,,,*
#♣♣.♣♣###### #.#*,#*,* *,,,*
#♣.∩..'....# #......,* *,,,*
#♣♣.♣♣#....#
###...###****,,,**** # ♣♣♣
#....####.#.....,,,,,,,,,,,


You could see a worker ant, an orc and a friendly quokka.

Vanquished Creatures
  Natasha (D:4)
  An orc wizard (D:4)
  A worker ant (D:4)
  2 adders
  2 oozes
  A dart slug (D:2)
  A leopard gecko (D:3)
  A giant cockroach (D:1)
  6 hobgoblins
  3 jackals
  A quokka (D:2)
  A ball python (D:1)
  4 bats
  4 goblins
  4 kobolds (D:1)
  3 rats
36 creatures vanquished.

Vanquished Creatures (collateral kills)
  A gnoll (D:1)
  3 adders
  A worm (D:2)
  A leopard gecko (D:2)
  8 orcs
  4 bats
  A giant cockroach (D:3)
  7 goblins
  3 hobgoblins
  A jackal (D:1)
  6 kobolds
  4 frilled lizards
  2 rats
42 creatures vanquished.

Grand Total: 78 creatures vanquished

Notes
Turn   | Place    | Note
-------+----------+-------------------------------------------
     0 | D:1      | gerrrit the Merfolk Summoner began the quest for the Orb.
     0 | D:1      | Reached XP level 1. HP: 13/13 MP: 3/3
   258 | D:1      | Reached XP level 2. HP: 19/19 MP: 3/5
   263 | D:1      | Learned a level 2 spell: Call Imp
   853 | D:1      | Reached XP level 3. HP: 6/24 MP: 2/6
  1595 | D:2      | Learned a level 3 spell: Summon Guardian Golem
  1627 | D:2      | Reached skill level 1 in Short Blades
  1892 | D:2      | Reached XP level 4. HP: 30/30 MP: 2/8
  2069 | D:2      | Found a white marble altar of Elyvilon.
  2069 | D:2      | Found a glowing golden altar of the Shining One.
  2070 | D:2      | Found a glowing silver altar of Zin.
  2102 | D:2      | Became a worshipper of Elyvilon the Healer
  4069 | D:4      | Found Onetzid's Magic Scroll Shoppe.
  4077 | D:4      | Reached skill level 5 in Summonings
  4077 | D:4      | Reached XP level 5. HP: 14/36 MP: 7/9
  4413 | D:4      | Reached * piety under Elyvilon
  4754 | D:4      | Noticed Natasha
  4762 | D:4      | Killed Natasha
  4768 | D:4      | HP: 1/36 [orc/trident of piercing (1)]
  4770 | D:4      | Succumbed to a worker ant's poison

Skill      XL: |  1  2  3  4 |
---------------+-------------+-----
Short Blades   | 1 |  1.3
Spellcasting   | 3 |  3.2
Dodging        | 3 |  3.3
Summonings     | 5 |  5.4
Fighting       | |  0.5
Stealth        | |  2.5
Unarmed Combat | |  0.2

Action                   |  1- 3 |  4- 6 || total
-------------------------+-------+-------++-------
Melee: Unarmed           |     8 |       ||     8
       Whip              |     7 |       ||     7
       Dagger            |    64 |    75 ||   139
 Cast: Summon Small Mamm |     3 |    85 ||    88
       Call Imp          |    23 |     4 ||    27
       Summon Guardian G |     1 |     3 ||     4
  Use: Scroll            |     3 |     7 ||    10
       Potion            |     1 |       ||     1
 Stab: Distracted        |     1 |     1 ||     2
  Eat: Ration            |     1 |     3 ||     4
       Chunk             |       |     1 ||     1
Armor: Robe              |    10 |    16 ||    26
Dodge: Dodged            |    60 |    86 ||   146
